[Event "German Bundesliga 2023-24"]
[Site "Germany"]
[Date "2024.02.25"]
[Round "11.9"]
[White "Santos Latasa, Jaime"]
[Black "Shevchenko, Kirill"]
[Result "0-1"]
[ECO "D11"]
[WhiteElo "2615"]
[BlackElo "2651"]
[Annotator "ChessBase"]
[PlyCount "74"]
[EventDate "2023.10.20"]
[EventType "team-tourn"]
[EventCountry "GER"]
[SourceTitle "playchess.com"]
[Source "ChessBase"]
[SourceQuality "1"]
[TimeControl "40/6000+30:3000+30"]

1. d4 Nf6 2. c4 c6 3. Nf3 d5 4. e3 Bg4 5. h3 Bh5 6. Nc3 e6 7. g4 Bg6 8. Ne5 Nbd7 9. Nxg6 hxg6 10. Bd2 Bb4 11. cxd5 exd5 12. f3 Bd6 13. Qb3 Bg3+ 14. Kd1 O-O 15. Rc1 Bh4 16. Kc2 b5 17. e4 dxe4 18. Nxe4 Nb6 19. Be3 Re8 20. Bd3 Nc4 21. Bg1 a5 22. Bxc4 bxc4 23. Qxc4 Nxe4 24. fxe4 Rxe4 25. Kb1 c5 26. Rd1 cxd4 27. Qc6 Re6 28. Qf3 d3 29. Bh2 Re2 30. Rxd3 Qe8 31. Bf4 Rf2 32. Qe3 Qa4 33. Be5 Qc2+ 34. Ka1 Re8 35. Rd5 Re2 36. Qd4 Bf6 37. Rc5 Bxe5 0-1

[Event "German Bundesliga 2023-24"]
[Site "Germany"]
[Date "2024.02.25"]
[Round "11.10"]
[White "Ivic, Velimir"]
[Black "Huschenbeth, Niclas"]
[Result "1-0"]
[ECO "C77"]
[WhiteElo "2557"]
[BlackElo "2605"]
[Annotator "TA"]
[PlyCount "107"]
[EventDate "2023.10.20"]
[EventType "team-tourn"]
[EventCountry "GER"]
[SourceTitle "playchess.com"]
[Source "ChessBase"]
[SourceQuality "1"]
[TimeControl "40/6000+30:3000+30"]

1. e4 e5 2. Nf3 Nc6 3. Bb5 a6 4. Ba4 Nf6 5. d3 b5 6. Bb3 Bc5 7. c3 d6 8. Nbd2 O-O 9. Nf1 Re8 10. Ng3 {[%emt 0:01:50] The position is equal.} d5 (10... h6 $11 {keeps the balance.}) 11. Bg5 $16 d4 {[%emt 0:11:17] [#]} (11... dxe4 $142 12. Bxf6 gxf6 13. Nxe4 Be7) 12. Bd5 $1 Qd6 13. Bxf6 Qxf6 {[%emt 0:00:11] [#]} 14. cxd4 Bb4+ 15. Kf1 {[%emt 0:01:03] Strongly threatening dxe5.} Rb8 (15... exd4 16. e5 Nxe5 17. Bxa8 $18) 16. Qb3 Bf8 17. Nh5 Qg6 18. Bxc6 Qxc6 19. Nxe5 (19. dxe5 Qh6 20. Ng3 c5 $11) 19... Rxe5 20. dxe5 Bg4 21. Nf4 Rd8 22. e6 Qd6 (22... Bxe6 $142 23. Nxe6 fxe6) 23. h3 Bxe6 24. Nxe6 fxe6 25. g3 Qxd3+ 26. Qxd3 Rxd3 $18 {[%emt 0:00:04][%mdl 4096] Endgame. KRR-KRB} 27. Ke2 {[%emt 0:02:06] Prevents Rd2+.} Rd4 28. f3 Bd6 29. Rhd1 Rc4 30. Rdc1 {[%emt 0:07:06] aiming for Rxc4.} Rb4 31. b3 Bxg3 32. Rc6 a5 33. Rd1 a4 34. Rd3 axb3 35. axb3 (35. Rxe6 b2 (35... bxa2 36. Ra6 $14) 36. Rd7 (36. Re7 $2 Bd6 $19) 36... h6 $19 (36... Rxe4+ $2 37. Rxe4 Bd6 38. Re8+ Bf8 39. Rd1 $18)) 35... Kf7 36. Kd2 {[%emt 0:00:59] Hoping for Kc3.} Be5 37. Rc5 Kf6 38. Kc2 g5 39. Rd8 Bd6 {[%emt 0:00:34] Dodges Rf8+} 40. Rc6 Rd4 $2 (40... Ke5 {was necessary.} 41. Rg8 h6 (41... Kf4 $2 42. Kc3 $18)) 41. Rxc7 h5 42. Rcd7 Ke5 43. Rh7 (43. Rf7 $142) 43... h4 $2 (43... Kf4 44. Rhd7 (44. Rxh5 Ke3 $14) 44... Ke5) 44. Rh6 Bc5 45. Rxd4 Bxd4 {[%emt 0:00:04] KR-KB} 46. Kd3 {[%emt 0:00:00][%cal Of3f4] White wants to mate with f4+!} Bb2 47. Rg6 Kf4 (47... Bc1 48. b4 Kf4 49. Rxe6 Kxf3 50. Rf6+ Kg3) 48. Ke2 e5 49. Kf2 Bd4+ 50. Kg2 b4 51. Rf6+ Ke3 52. Rf5 {[%emt 0:00:00] White is clearly winning.} Kd3 53. Rxg5 Kc3 {[%emt 0:00:38] [#]} 54. f4 $1 {[%emt 0:00:00] Black did not feel at home in the position after the opening.   Weighted Error Value: White=0.34/Black=0.43.  Mistake:       	White=1     	Black=6      Inaccurate:     	White=2     	Black=1      OK:         	White=18    	Black=13     Best:        	White=5     	Black=1      Brilliant:      	White=1     	---} 1-0

[Event "German Bundesliga 2023-24"]
[Site "Germany"]
[Date "2024.02.25"]
[Round "11.11"]
[White "Idani, Pouya"]
[Black "McShane, Luke J"]
[Result "1/2-1/2"]
[ECO "C67"]
[WhiteElo "2633"]
[BlackElo "2618"]
[Annotator "TA"]
[PlyCount "42"]
[EventDate "2023.10.20"]
[EventType "team-tourn"]
[EventCountry "GER"]
[SourceTitle "playchess.com"]
[Source "ChessBase"]
[SourceQuality "1"]
[TimeControl "40/6000+30:3000+30"]

1. e4 e5 2. Nf3 Nc6 3. Bb5 Nf6 4. O-O Nxe4 5. Re1 Nd6 6. Nxe5 Be7 7. Bf1 Nf5 8. c3 Nxe5 {[%emt 0:00:32] The position is equal.} 9. Rxe5 d6 10. Re1 d5 11. d4 O-O 12. Bf4 Bd6 13. Qf3 Bxf4 14. Qxf4 Qd6 15. Qxd6 Nxd6 16. Bd3 Bf5 17. Bxf5 Nxf5 18. Nd2 Rfe8 19. Kf1 f6 20. Rxe8+ Rxe8 21. Re1 Rxe1+ {[%emt 0:01:01] An uneventful encounter.   Weighted Error Value: White=0.01 (flawless) /Black=0.02 (flawless) .  OK:         	White=8     	Black=6} 1/2-1/2

[Event "German Bundesliga 2023-24"]
[Site "Germany"]
[Date "2024.02.25"]
[Round "11.12"]
[White "Efimenko, Zahar"]
[Black "Dragnev, Valentin"]
[Result "1/2-1/2"]
[ECO "C84"]
[WhiteElo "2575"]
[BlackElo "2586"]
[Annotator "TA"]
[PlyCount "48"]
[EventDate "2023.10.20"]
[EventType "team-tourn"]
[EventCountry "GER"]
[SourceTitle "playchess.com"]
[Source "ChessBase"]
[SourceQuality "1"]
[TimeControl "40/6000+30:3000+30"]

1. e4 e5 2. Nf3 Nc6 3. Bb5 a6 4. Ba4 Nf6 5. O-O Be7 6. d3 b5 7. Bb3 d6 8. a4 Bd7 9. c3 Na5 10. Bc2 c5 11. d4 Qb8 12. Bg5 Be6 13. Nbd2 h6 14. Bh4 O-O 15. Re1 cxd4 16. cxd4 Rc8 17. h3 Qb6 18. axb5 axb5 {[%emt 0:03:44] The position is equal.} 19. d5 Bd7 20. Bd3 b4 21. Qe2 Ra7 22. Rec1 Rac7 23. Rxc7 Rxc7 24. Qe3 Qc5 {[%emt 0:05:11] Not much happened in this game.   Weighted Error Value: White=0.02 (flawless) /Black=0.03 (flawless) .  Inaccurate:     	---       	Black=1      OK:         	White=8     	Black=9} 1/2-1/2

[Event "German Bundesliga 2023-24"]
[Site "Germany"]
[Date "2024.02.25"]
[Round "11.13"]
[White "Alonso Rosell, Alvar"]
[Black "Aditya Mittal"]
[Result "1/2-1/2"]
[ECO "A28"]
[WhiteElo "2562"]
[BlackElo "2588"]
[Annotator "TA"]
[PlyCount "87"]
[EventDate "2023.10.20"]
[EventType "team-tourn"]
[EventCountry "GER"]
[SourceTitle "playchess.com"]
[Source "ChessBase"]
[SourceQuality "1"]
[TimeControl "40/6000+30:3000+30"]

1. c4 e5 2. a3 Nf6 3. Nc3 Nc6 4. Nf3 d5 5. cxd5 Nxd5 6. d3 {[%emt 0:00:08] The position is equal.} Be7 7. e4 Nb6 8. Be2 O-O 9. O-O Be6 10. Be3 Bf6 11. Na4 Nxa4 12. Qxa4 Qd7 13. Rfc1 Rfd8 14. h3 Nd4 15. Qxd7 Nxe2+ (15... Rxd7 16. Nxd4 exd4 17. Bd2 $14) (15... Nxf3+ {simplifies} 16. Bxf3 Rxd7 17. Be2 Be7) 16. Kf1 Ng3+ 17. fxg3 Rxd7 18. Ke2 h5 19. Rc3 c6 20. Rc5 Re8 21. Rac1 g6 22. R5c3 (22. Nxe5 Bxe5 23. Rxe5 Bg4+ 24. hxg4 Rxe5 25. gxh5 f5 (25... Rxh5 26. Bxa7 Kg7 27. Ke3 $11) 26. hxg6 (26. Bxa7 fxe4 27. dxe4 gxh5 $19) 26... fxe4 27. dxe4 Rxe4) 22... a6 23. Ng5 Bd8 24. Nxe6 Rxe6 25. g4 hxg4 26. hxg4 f6 27. b4 Be7 28. Rc4 g5 29. a4 Bf8 30. Bd2 Red6 31. R4c3 Kf7 32. b5 axb5 33. axb5 cxb5 34. Rb1 Ra6 35. Rxb5 Ra2 36. Rcb3 Kg6 37. Rxb7 Rxb7 38. Rxb7 $11 {[%emt 0:00:03][%mdl 4096] Endgame. KRB-KRB} Bc5 39. Rb1 Bd4 40. Kd1 Ra3 41. Ke2 Ra2 42. Rc1 Bb6 43. Kd1 Bd4 44. Rc2 {[%emt 0:00:45] An even fight not without its subleties.   Weighted Error Value: White=0.02 (flawless) /Black=0.02 (flawless) .  OK:         	White=16    	Black=18     Best:        	White=3     	---} 1/2-1/2

[Event "German Bundesliga 2023-24"]
[Site "Germany"]
[Date "2024.02.25"]
[Round "11.14"]
[White "Pruijssers, Roeland"]
[Black "Georgiadis, Nico"]
[Result "1-0"]
[ECO "D38"]
[WhiteElo "2539"]
[BlackElo "2563"]
[Annotator "TA"]
[PlyCount "79"]
[EventDate "2023.10.20"]
[EventType "team-tourn"]
[EventCountry "GER"]
[SourceTitle "playchess.com"]
[Source "ChessBase"]
[SourceQuality "1"]
[TimeControl "40/6000+30:3000+30"]

1. d4 Nf6 2. c4 e6 3. Nf3 d5 4. Nc3 Bb4 5. Bg5 h6 6. Bxf6 Qxf6 7. e3 O-O 8. Rc1 Nc6 9. Qb3 a5 10. a3 a4 11. Qa2 {[%emt 0:09:12] The position is equal.} Ba5 12. Be2 dxc4 13. Qxc4 e5 14. d5 Ne7 15. O-O $1 Bxc3 16. Rxc3 c6 17. dxc6 bxc6 18. Qe4 Re8 19. Rc5 {[%emt 0:07:38][%cal Oe2c4] White has more active pieces.} (19. Qxe5 Qxe5 20. Nxe5 Nd5 21. Rxc6 Rxe5 $15) (19. Nxe5 Nd5 20. f4 Nxc3 21. bxc3 Bf5 $17) 19... Nd5 20. Rfc1 Bf5 21. Qc4 {[%emt 0:00:10][%cal Oe3e4] Hoping for e4!} Bd7 {[%emt 0:02:55] White now steadily converts the win.} 22. Rd1 Nb6 23. Qc2 e4 24. Nd4 Re5 25. Rxe5 $1 (25. Nxc6 $2 {too greedy.} Rxc5 26. Qxc5 Qxc6 $19) 25... Qxe5 26. Nxc6 Bxc6 (26... Qe6 $16) 27. Qxc6 $18 Qxb2 28. Bf1 {[%emt 0:00:22] And now Rd6 would win.} Rc8 {[%emt 0:00:31] [#]} 29. Qb7 {[%emt 0:01:38] Black must now prevent Rd4.} ({Inferior is} 29. Qxe4 Qxa3 30. Rb1 Qd6 $11) 29... Re8 $2 {[%emt 0:01:02] [#]} (29... Qf6 {is more resistant.}) 30. Rd4 $1 Re6 31. Rd8+ (31. Rxe4 Rxe4 32. Qxe4 Qxa3 $11) 31... Kh7 32. Qxf7 Qf6 33. Qg8+ Kg6 34. g3 (34. Rf8 $142 Qe7 35. h4) 34... Qf7 {[%emt 0:00:27] White has a decisive advantage.} 35. Qxf7+ Kxf7 36. Rd4 Kf6 37. Bg2 Rc6 38. Bxe4 Rc1+ 39. Kg2 Nc4 40. Bd3 {[%emt 0:02:32] Weighted Error Value: White=0.20 (precise) /Black=0.33.  Mistake:       	---       	Black=2      Inaccurate:     	White=2     	Black=5      OK:         	White=14    	Black=13     Best:        	White=3     	Black=3      Strong:       	White=2     	---} 1-0

[Event "German Bundesliga 2023-24"]
[Site "Germany"]
[Date "2024.02.25"]
[Round "11.15"]
[White "Bogner, Sebastian"]
[Black "Grigorian, Spartak"]
[Result "1/2-1/2"]
[ECO "D45"]
[WhiteElo "2536"]
[BlackElo "2439"]
[Annotator "TA"]
[PlyCount "96"]
[EventDate "2023.10.20"]
[EventType "team-tourn"]
[EventCountry "GER"]
[SourceTitle "playchess.com"]
[Source "ChessBase"]
[SourceQuality "1"]
[TimeControl "40/6000+30:3000+30"]

1. Nf3 d5 2. d4 Nf6 3. c4 c6 4. Nc3 e6 5. e3 a6 6. h3 {[%emt 0:00:04] D45: Semi-Slav: 5 e3.} c5 7. cxd5 exd5 8. b3 cxd4 9. Nxd4 Bb4 10. Bd2 $146 ({Predecessor:} 10. Bb2 Ne4 11. Qc2 Qa5 12. Nde2 O-O 13. a3 Bxc3+ 14. Nxc3 Nf6 15. b4 Qc7 16. Bd3 {1-0 Ivanchuk,V (2679)-Nisipeanu,L (2656) Zagreb Peace 2019 (3)}) 10... O-O 11. Bd3 Nc6 12. Nxc6 bxc6 13. O-O a5 14. Na4 Ba6 15. Bxa6 Rxa6 16. Rc1 Qd6 17. Rc2 Ne4 18. Bxb4 axb4 19. Qd4 Ng5 (19... h6 $11) 20. Rfc1 (20. Nc5 $16 Ne6 21. Qxb4) 20... Ne6 $11 21. Qd2 Rfa8 22. h4 h5 23. g3 g6 24. e4 Qe5 25. Qe3 dxe4 26. Rc4 f5 27. Rxb4 Rd8 28. Kg2 Rd3 (28... Qf6 $11) 29. Qh6 $16 Nf8 {[%emt 0:03:56] [#]} 30. Rb7 $1 (30. Nc5 $2 Rxg3+ 31. Kf1 (31. fxg3 Rxa2+ 32. Kh3 Qb2) 31... Rh3 32. Nxa6 e3 $19 (32... Rxh4 33. Rxc6 Qa1+ 34. Ke2 $18) (32... Rh1+ 33. Ke2 $17) (32... Rxh4 $2 33. Rxc6 Rh1+ 34. Ke2 $18) (32... Rh1+ 33. Ke2 $17)) 30... e3 31. Re1 (31. Nc5 Rd2 32. Kh3 Qd4 $11 (32... Raxa2 33. Ne6 Nd7 34. Rxd7) (32... Raxa2 33. Ne6 Nd7 34. Rxd7)) 31... Qd5+ 32. Kh2 Qd4 {[%emt 0:00:08] [#]} 33. Nc5 $2 (33. fxe3 Rd2+ 34. Kg1 Qe5 $17) (33. Rb8 $1 $18 Qd6 34. Rxf8+ (34. Rb7 Qd4 $18) 34... Qxf8 35. Qxf8+ (35. Qxg6+ Kh8 $16) 35... Kxf8 36. Nc5 exf2 37. Rf1 (37. Nxd3 $2 fxe1=Q 38. Nxe1 Rxa2+ 39. Kh3 Re2 $19) 37... Rxg3 38. Kxg3 (38. Nxa6 Rg4 $18)) 33... exf2 $11 (33... Qxc5 34. Qg7#) 34. Rf1 (34. Nxa6 fxe1=Q (34... fxe1=B $2 35. Rg7+ Qxg7 36. Qxg7+ Kxg7 37. Nc5 $19) (34... fxe1=B $2 35. Qg7+ Qxg7 36. Rxg7+ Kxg7 37. Nc5 $19)) 34... Rxg3 $1 35. Qxf8+ Kxf8 36. Ne6+ (36. Nxa6 $2 Qxh4#) 36... Ke8 37. Nxd4 Rg4 38. Nf3 Rxa2 39. Rc7 Rf4 40. Kg2 Rg4+ 41. Kh3 f4 42. Kh2 $1 Rg3 43. Ne5 Re3 ({Don't play} 43... Rxb3 $6 44. Rc8+ (44. Nxg6 $2 {perishes.} Rb1 $19) (44. Rxc6 g5 $14) 44... Ke7 45. Nxg6+ Ke6 46. Nxf4+ (46. Rxc6+ Kf5 $11) 46... Ke5 47. Nh3 $16 (47. Nxh5 Ra4 $14)) 44. Rc8+ Ke7 45. Nxg6+ Kd7 46. Rf8 $1 Re1 $1 47. Kg2 Raa1 $1 48. Rxf2 Rg1+ 1/2-1/2

[Event "German Bundesliga 2023-24"]
[Site "Germany"]
[Date "2024.02.25"]
[Round "11.16"]
[White "Reuker, Jari"]
[Black "Bischoff, Klaus"]
[Result "1/2-1/2"]
[ECO "A40"]
[WhiteElo "2403"]
[BlackElo "2455"]
[Annotator "TA"]
[PlyCount "85"]
[EventDate "2023.10.20"]
[EventType "team-tourn"]
[EventCountry "GER"]
[SourceTitle "playchess.com"]
[Source "ChessBase"]
[SourceQuality "1"]
[TimeControl "40/6000+30:3000+30"]

1. d4 e6 2. c4 Bb4+ 3. Bd2 Bxd2+ 4. Qxd2 Nf6 5. Nc3 d5 6. e3 {[%emt 0:00:35] A40: Unusual replies to 1 d4.} O-O 7. cxd5 Nxd5 8. Nf3 c6 $146 ({Predecessor:} 8... Nc6 9. Rc1 Re8 10. e4 Nxc3 11. Qxc3 Qe7 12. Bb5 Bd7 13. O-O Ne5 14. Nxe5 Bxb5 15. Rfe1 Rac8 16. a4 Bxa4 17. Qa5 f6 18. Qxa4 {½-½ Wiersma,E (2353)-Vedder,H (2372) NED-chT 1314 2013 (5.7)}) 9. Bd3 b6 10. h4 Nd7 11. Ne4 N7f6 12. Neg5 h6 13. e4 $1 Ne7 {[%emt 0:03:45] [#]} 14. Qf4 $2 (14. e5 $1 $16 {[%cal Re5f6] keeps the pressure on.} Nfd5 15. Ne4) 14... Ng6 $1 $17 (14... hxg5 $2 15. hxg5 $18) 15. Qh2 e5 (15... hxg5 $2 16. hxg5 Re8 17. Ne5 $18 (17. gxf6 Qxf6 18. e5 Qf4 $18) (17. gxf6 Qxf6 18. e5 Qf4 $18)) 16. O-O-O Ng4 (16... hxg5 17. hxg5 (17. Nxe5 $2 Qxd4 18. Nxg6 fxg6 $19) 17... Re8 18. Nxe5 (18. gxf6 Qxf6 19. Nxe5 Qf4+ 20. Kc2 Qxh2 $16) 18... Rxe5 19. gxf6 (19. dxe5 Ng4 $18) 19... Qxf6 20. dxe5 Qg5+ 21. Kb1 $18) 17. Qg3 Qf6 (17... hxg5 $19 18. hxg5 Re8 (18... exd4 19. e5 $17) 19. Nxe5 Rxe5 (19... N6xe5 20. dxe5 Qd4 21. g6 $17) (19... Qxg5+ $2 20. Kb1 $19) 20. dxe5 Qxg5+ 21. Kb1 Qxe5 (21... N6xe5 $2 22. f4 $18) 22. Qxe5 N4xe5) 18. Nh3 $17 exd4 19. h5 N6e5 20. Nxd4 c5 21. Nb5 Nxd3+ 22. Rxd3 Ne5 23. Rd6 Be6 24. Qc3 $1 c4 25. Kb1 Rad8 26. Rhd1 Rxd6 27. Rxd6 Ng4 ({Black should try} 27... Rd8 $15 28. Rxd8+ Qxd8) 28. f3 $11 Qe7 $1 29. Qd4 Nf6 (29... Nh2 $1 $11) 30. Nf4 $16 Bc8 31. a4 (31. Qxc4 Ba6 32. Rd2 (32. Ng6 $2 Qxd6 33. Nxd6 Bxc4 $19) 32... Nxe4 33. Qxe4 (33. fxe4 Qg5 $17) 33... Qxe4+ 34. fxe4 Bxb5 $11) 31... Nd7 $2 (31... Bd7 $16) 32. Nxa7 (32. Nd5 $142 Qg5 33. Nxa7) 32... Nc5 $18 33. Nc6 (33. Rxb6 $6 Qxa7 34. Rc6 (34. Qxc5 Qxa4 35. Qd6 Re8 $16) 34... c3 35. Rxc5 (35. Qxc5 Qxa4 36. Qxc3 Be6 $14) 35... cxb2 $16) 33... Qh4 $2 {[%emt 0:00:27] [#]} (33... Qg5 {was worth a try.}) 34. Rd8 $2 (34. Nd5 Be6 $16) (34. Ng6 $1 $18 {[%cal Rg6h4] is the precise move to win.} fxg6 35. Qd5+ (35. Qxc4+ Be6 $18) 35... Kh7 (35... Kh8 $2 36. Ne5 $18) 36. hxg6+ Kh8 37. Ne5) 34... Bd7 $2 (34... Rxd8 $16 35. Qxd8+ Qxd8 36. Nxd8 Nxa4) 35. Rxf8+ $18 (35. Rxd7 Nxd7 36. Nd5 Qh1+ 37. Ka2 Qxg2 38. Nce7+ (38. Nxb6 $2 Nxb6 39. Qxb6 c3 $19) (38. Nde7+ $2 Kh7 $19) 38... Kh8 $19) 35... Kxf8 36. Qd6+ Kg8 {[%emt 0:00:08] [#]} 37. Ne7+ $2 (37. Ng6 $1 $18 {White threatens Qf8+ and mate.} fxg6 38. hxg6 (38. Ne7+ Kf7 $18)) 37... Kh7 $11 38. Ka2 c3 $1 39. Nfg6 $1 (39. bxc3 $2 {loses.} Qf2+ 40. Ka3 Qc2 41. Qxb6 Nxa4 $19) 39... Qf2 40. Nf8+ Kh8 41. Nfg6+ Kh7 $1 42. Nf8+ Kh8 43. Nfg6+ 1/2-1/2

[Event "German Bundesliga 2023-24"]
[Site "Germany"]
[Date "2024.02.25"]
[Round "11.17"]
[White "Anand, Viswanathan"]
[Black "Bluebaum, Matthias"]
[Result "1/2-1/2"]
[ECO "C77"]
[WhiteElo "2748"]
[BlackElo "2668"]
[Annotator "TA"]
[PlyCount "60"]
[EventDate "2023.10.20"]
[EventType "team-tourn"]
[EventCountry "GER"]
[SourceTitle "playchess.com"]
[Source "ChessBase"]
[SourceQuality "1"]
[TimeControl "40/6000+30:3000+30"]

1. e4 e5 2. Nf3 Nc6 3. Bb5 a6 4. Ba4 Nf6 5. d3 Bc5 6. c3 b5 7. Bb3 d5 8. exd5 Nxd5 9. O-O O-O {[%emt 0:04:31] The position is equal.} 10. Nbd2 f6 11. a4 {[%emt 0:07:27] [#] Strongly threatening axb5.} Ba7 12. Ne4 Kh8 13. d4 exd4 14. Nxd4 Nxd4 15. cxd4 bxa4 16. Bxa4 Rb8 17. Nc5 Qd6 18. Bb3 Ne7 19. Bc4 Bxc5 20. dxc5 Qxc5 21. Bxa6 Bxa6 22. Rxa6 Ng6 23. Ra3 Rfd8 24. Qe2 Re8 25. Re3 Rxe3 26. Bxe3 Qb5 27. Qxb5 Rxb5 28. Rc1 Rxb2 29. Rxc7 {[%emt 0:00:04] [#] White wants to mate with Rc8+.} Rb1+ 30. Rc1 Rxc1+ {[%emt 0:00:03] A rather calm draw.   Weighted Error Value: White=0.04 (flawless) /Black=0.01 (flawless) .  OK:         	White=4     	Black=13} 1/2-1/2

[Event "German Bundesliga 2023-24"]
[Site "Germany"]
[Date "2024.02.25"]
[Round "11.18"]
[White "Kollars, Dmitrij"]
[Black "Rapport, Richard"]
[Result "1/2-1/2"]
[ECO "B52"]
[WhiteElo "2633"]
[BlackElo "2717"]
[Annotator "TA"]
[PlyCount "68"]
[EventDate "2023.10.20"]
[EventType "team-tourn"]
[EventCountry "GER"]
[SourceTitle "playchess.com"]
[Source "ChessBase"]
[SourceQuality "1"]
[TimeControl "40/6000+30:3000+30"]

1. e4 c5 2. Nf3 d6 3. Bb5+ Bd7 4. Bxd7+ Nxd7 5. O-O e6 6. c3 Ngf6 7. Qe2 Be7 8. d4 O-O 9. Rd1 cxd4 10. cxd4 b5 11. a3 a5 12. Bg5 h6 13. Bh4 Rb8 14. a4 bxa4 15. Rxa4 d5 16. exd5 Nxd5 17. Bxe7 Nxe7 18. Nc3 Qb6 19. d5 {[%emt 0:08:48] The position is equal.} Nxd5 ({Don't play} 19... Qxb2 $6 20. Qxb2 (20. dxe6 Qxe2 21. Nxe2 fxe6 $14) 20... Rxb2 21. dxe6 $14 (21. Rxa5 Nxd5 22. Nxd5 exd5 $11)) 20. Nxd5 exd5 21. Rxd5 Rfe8 22. Qf1 Nc5 23. Rc4 Ne4 24. Rdd4 Nf6 25. Rc2 Rbc8 26. Rxc8 Rxc8 27. Qb1 Qb3 28. h3 g6 29. Qd1 Qxd1+ 30. Rxd1 Rc2 31. Rd2 Rc1+ 32. Kh2 Ne4 33. Re2 Nc5 34. Ne5 a4 {[%emt 0:03:14] An uneventful encounter.   Weighted Error Value: White=0.04 (flawless) /Black=0.03 (flawless) .  Inaccurate:     	White=1     	---        OK:         	White=8     	Black=12     Best:        	White=1     	Black=1} 1/2-1/2

[Event "German Bundesliga 2023-24"]
[Site "Germany"]
[Date "2024.02.25"]
[Round "11.19"]
[White "Aronian, Levon"]
[Black "Kamsky, Gata"]
[Result "1/2-1/2"]
[ECO "B04"]
[WhiteElo "2725"]
[BlackElo "2634"]
[Annotator "TA"]
[PlyCount "61"]
[EventDate "2023.10.20"]
[EventType "team-tourn"]
[EventCountry "GER"]
[SourceTitle "playchess.com"]
[Source "ChessBase"]
[SourceQuality "1"]
[TimeControl "40/6000+30:3000+30"]

1. e4 Nf6 2. e5 Nd5 3. d4 d6 4. Nf3 g6 5. Bc4 c6 6. O-O Bg7 7. h3 O-O 8. Re1 dxe5 9. Nxe5 Be6 10. Nd2 Nd7 {[%emt 0:03:13] White has an edge.} 11. Nxd7 Qxd7 12. c3 Nc7 13. Bf1 Rad8 14. Qa4 a6 15. Nf3 Bd5 16. Ne5 Qc8 17. Nd3 Rfe8 18. b3 Ne6 19. Qa5 Qb8 20. Bb2 b6 21. Qa3 a5 22. Rad1 Nf4 {[%emt 0:02:02] [#]} 23. c4 ({Stronger than} 23. Rxe7 Bf8 24. Rxe8 Rxe8 $17) ({White should play} 23. Nxf4 $1 $16 Qxf4 24. Rxe7) 23... Nxd3 $11 {[%emt 0:00:38] The position is equal.} 24. Bxd3 Be6 25. Be4 Qc7 26. d5 Bxb2 27. Qxb2 cxd5 28. cxd5 Bd7 29. Bf3 Qd6 30. Rd4 Qf6 31. Re3 {[%emt 0:02:14] Weighted Error Value: White=0.12 (very precise) /Black=0.08 (flawless) .  Mistake:       	White=1     	---        Inaccurate:     	White=4     	Black=3      OK:         	White=10    	Black=11     Best:        	---       	Black=1} 1/2-1/2

[Event "German Bundesliga 2023-24"]
[Site "Germany"]
[Date "2024.02.25"]
[Round "11.20"]
[White "Gustafsson, Jan"]
[Black "Vachier-Lagrave, Maxime"]
[Result "1/2-1/2"]
[ECO "D60"]
[WhiteElo "2620"]
[BlackElo "2734"]
[Annotator "TA"]
[PlyCount "33"]
[EventDate "2023.10.20"]
[EventType "team-tourn"]
[EventCountry "GER"]
[SourceTitle "playchess.com"]
[Source "ChessBase"]
[SourceQuality "1"]
[TimeControl "40/6000+30:3000+30"]

1. d4 Nf6 2. c4 e6 3. Nc3 d5 4. Bg5 Be7 5. e3 O-O 6. Nf3 h6 7. Bh4 b6 8. Bd3 Nbd7 {[%emt 0:05:48] The position is equal.} 9. cxd5 Nxd5 10. Nxd5 Bxh4 11. Nxh4 exd5 12. Nf3 c5 13. b3 Nf6 14. Ne5 Nd7 15. Nf3 Nf6 16. Ne5 Nd7 17. Nf3 {[%emt 0:01:25] A rather calm draw.   Weighted Error Value: White=0.05 (flawless) /Black=0.01 (flawless) .  OK:         	White=2     	Black=4      Best:        	---       	Black=1} 1/2-1/2

[Event "German Bundesliga 2023-24"]
[Site "Germany"]
[Date "2024.02.25"]
[Round "11.21"]
[White "Keymer, Vincent"]
[Black "Zilka, Stepan"]
[Result "1-0"]
[ECO "D32"]
[WhiteElo "2721"]
[BlackElo "2599"]
[Annotator "TA"]
[PlyCount "65"]
[EventDate "2023.10.20"]
[EventType "team-tourn"]
[EventCountry "GER"]
[SourceTitle "playchess.com"]
[Source "ChessBase"]
[SourceQuality "1"]
[TimeControl "40/6000+30:3000+30"]

1. d4 d5 2. c4 e6 3. Nc3 Nf6 4. Nf3 c5 5. e3 Nc6 6. cxd5 exd5 7. Bb5 Bd6 8. dxc5 Bxc5 9. O-O O-O 10. b3 a6 11. Bxc6 bxc6 12. Bb2 Bd6 13. Rc1 c5 (13... Re8 $11) 14. Na4 $14 {[%emt 0:14:40] White is slightly better.} Ne4 15. Nd2 $1 (15. Qxd5 $2 {too greedy.} Bxh2+ 16. Nxh2 Qxd5 $19) 15... Qc7 (15... Qe7 $142) 16. Nxe4 $16 dxe4 17. Qh5 f5 {[%emt 0:07:39] [#]} 18. Nxc5 $1 {[%emt 0:00:47][%mdl 512] White is more active.} Bxc5 19. Bd4 Qf7 20. Qxf7+ Rxf7 21. Rxc5 Bd7 22. Rfc1 h6 23. h4 g5 24. Rd5 gxh4 25. Rd6 Kh7 (25... Rc8 $142 26. Rxc8+ Bxc8 27. Rxh6 Rh7) 26. Rc7 Be8 27. Rc5 Bd7 28. Kh2 h3 29. Kxh3 ({Don't do} 29. gxh3 Be8 30. Re5 f4 $18) 29... f4+ 30. Kh2 {[%emt 0:00:05] [#] Rh5 would now be deadly. White is winning.} Rg8 31. Rc7 Be8 32. Rxf7+ Bxf7 33. exf4 {[%emt 0:00:05] White took control after the opening.   Weighted Error Value: White=0.06 (flawless) /Black=0.27 (precise) .  Mistake:       	---       	Black=3      OK:         	White=15    	Black=4      Best:        	White=1     	Black=1      Strong:       	White=1     	---} 1-0